 Dungeon Crawl Stone Soup version 0.29.1-15-g9cfb28693d (webtiles) character file.

Game seed: 13303616591764961435

1031 vishdafish the Conjurer (level 8, 52/52 HPs)
             Began as a Demonspawn Conjurer on Mar 29, 2023.
             Quit the game on level 6 of the Dungeon.
             The game lasted 00:07:57 (5672 turns).

vishdafish the Conjurer (Demonspawn Conjurer)       Turns: 5672, Time: 00:07:57

Health: 52/52      AC:  2    Str:  7    XL:     8   Next: 3%
Magic:  6/15       EV: 15    Int: 23    God:
Gold:   310        SH:  5    Dex: 11    Spells: 5/17 levels left

rFire   . . .      SeeInvis +   g - +2 short sword (venom)
rCold   . . .      Faith    .   (no shield)
rNeg    . . .      Spirit   .   a - +0 robe
rPois   .          Reflect  +   (helmet unavailable)
rElec   .          Harm     .   (no cloak)
rCorr   +          Rampage  .   (no gloves)
Will    .....                   (no boots)
Stlth   ++........              m - amulet of reflection
HPRegen 0.17/turn               q - ring of resist corrosion
MPRegen 0.14/turn               (no ring)

@: no status effects
A: antennae 3, repulsion field 2, demonic guardian 1
a: no special abilities


You were on level 6 of the Dungeon.
You visited 1 branch of the dungeon, and saw 6 of its levels.

You collected 310 gold pieces.

Inventory:

Hand Weapons
 g - a +2 short sword of venom (weapon)
Armour
 a - a +0 robe (worn)
 n - a +3 leather armour
Jewellery
 m - an amulet of reflection (around neck)
 q - a ring of resist corrosion (left hand)
Scrolls
 b - 2 scrolls of identify {unknown}
 c - 3 scrolls of torment {unknown}
 d - a scroll of vulnerability {unknown}
 e - 2 scrolls of silence {unknown}
 f - 3 scrolls of teleportation {unknown}
 h - a scroll of brand weapon {unknown}
 i - 3 scrolls of noise {unknown}
 k - 4 scrolls of enchant weapon {unknown}
 l - 3 scrolls of amnesia {unknown}
 r - a scroll of enchant armour {unknown}
 s - a scroll of summoning {unknown}
Potions
 j - a potion of invisibility {unknown}
 o - 2 potions of curing
 p - 3 potions of attraction {unknown}
 t - a potion of flight {unknown}
 u - 2 potions of haste {unknown}


   Skills:
 - Level 2.0 Dodging
 - Level 2.0 Stealth
 - Level 5.0 Spellcasting
 + Level 7.7 Conjurations
 + Level 3.4 Earth Magic


You had 5 spell levels left.
You knew the following spells:

 Your Spells              Type           Power      Damage    Failure   Level
a - Magic Dart            Conj           100%       1d8       1%          1
b - Fulminant Prism       Conj/Hex       11%        3d9       19%         4
c - Iskenderun's Mystic   Conj/Tloc      23%        2d6       19%         4
d - Stone Arrow           Conj/Erth      62%        3d10      2%          3

Your spell library contained the following spells:

 Spells                   Type           Power      Damage    Failure   Level
 Searing Ray              Conj           82%        2d7       1%          2
 Sandblast                Erth           42%        2d11      2%          1
 Static Discharge         Conj/Air       23%        3-6/arc   3%          2
 Dazzling Flash           Conj/Hex       46%        N/A       6%          3
 Passwall                 Tmut/Erth      10%        N/A       7%          2
 Sting                    Tmut/Pois      20%        1d4       10%         1
 Ensorcelled Hibernation  Hex/Ice        10%        N/A       14%         2
 Poisonous Vapours        Pois/Air       10%        N/A       14%         2
 Spider Form              Tmut/Pois      5%         N/A       28%         3
 Summon Guardian Golem    Hex/Summ       5%         N/A       28%         3
 Lightning Bolt           Conj/Air       11%        1d24      47%         5
 Anguish                  Hex/Necr       2%         N/A       67%         4
 Olgreb's Toxic Radiance  Pois           5%         N/A       67%         4
 Orb of Destruction       Conj           20%        9d8       98%         7
 Spellforged Servitor     Conj/Summ      11%        N/A       100%        7
 Maxwell's Capacitive Co  Air            2%         ∞         100%        8


Dungeon Overview and Level Annotations

Branches:
Dungeon (6/15)             Temple (0/1) D:6

Altars:


Innate Abilities, Weirdness & Mutations

You have a pair of large antennae on your head. (SInv)
You are surrounded by a moderate repulsion field. (EV +3)
A weak demonic guardian rushes to your aid.


Message History

The stone arrow hits the iguana!
The iguana is almost dead.
There is a stone staircase leading down here.
You climb downwards.
Found a book of Lightning.
There is a stone staircase leading up here.
HP restored.
Magic restored.
An ufetubus comes into view.
Found 18 gold pieces and a scale mail.
An ufetubus is nearby!
You can't see any susceptible monsters within range! (Use Z to cast anyway.)
The ufetubus shouts!
The stone arrow hits the ufetubus!
You kill the ufetubus!
You pick up a book of Lightning and begin reading...
You add the spells Static Discharge, Lightning Bolt and Maxwell's Capacitive Coupling to your library.
You see here a +1 helmet.
Found a stone staircase leading down.
You now have 295 gold pieces (gained 18).
Found a ring mail.
You now have 310 gold pieces (gained 15).
Found a staircase to the Ecumenical Temple.
Found a stone staircase leading down.
A scorpion comes into view.
You see here a potion of heal wounds.
The stone arrow hits the scorpion.
The scorpion is moderately wounded.
The stone arrow misses the scorpion.
You block the scorpion's attack. The scorpion misses you.
The stone arrow hits the scorpion!!
You kill the scorpion!
You have reached level 8!
You feel clever.
Your demonic ancestry asserts itself...
You feel the presence of a demonic guardian.
You enter the shallow water.
Moving in this stuff is going to be slow.
Found 7 stones.
There is a staircase to the Ecumenical Temple here.
Are you sure you want to abandon this character and quit the game? (Confirm with "yes".)

.........!..##...##.##.
.......................
..>............>...##.
#...##.##.........##.
#...##....[....######
#..~§~..####...#
#.~§§§~.####...#
#~~§~~~§..###.##
#~§§@§§~..# #.#
#~§~§§§~..# #.~~~§~...#
....~§~....#
####..#####.# ... (#
.##. # #. #.


There were no monsters in sight!

Vanquished Creatures
  Sigmund (D:5)
  A water moccasin (D:3)
  A black bear (D:4)
  A centaur (D:5)
  A scorpion (D:6)
  A necrophage (D:5)
  3 hounds
  2 jellies (D:5)
  3 iguanas
  A hound zombie (D:2)
  11 adders
  A white imp (D:5)
  An ufetubus (D:6)
  An adder zombie (D:2)
  2 worms
  3 dart slugs
  10 orcs
  4 bats
  A bat skeleton (D:2)
  7 endoplasms
  6 giant cockroaches
  6 goblins
  4 hobgoblins
  9 jackals
  8 kobolds
  A quokka (D:1)
  9 ball pythons
  2 ball python skeletons (D:2)
  5 frilled lizards
  A quokka skeleton (D:2)
  A quokka zombie (D:2)
  4 rats
112 creatures vanquished.

Vanquished Creatures (others)
  2 fulminant prisms
  A withered plant (D:2)
3 creatures vanquished.

Grand Total: 115 creatures vanquished

Notes
Turn   | Place    | Note
-------+----------+-------------------------------------------
     0 | D:1      | vishdafish the Demonspawn Conjurer began the quest for the
                  | Orb.
     0 | D:1      | Reached XP level 1. HP: 13/13 MP: 3/3
   388 | D:1      | Gained mutation: You are surrounded by a mild repulsion
                  | field. (EV +2) [demonic ancestry]
   388 | D:1      | Reached XP level 2. HP: 19/19 MP: 1/5
  1116 | D:2      | Gained mutation: You have a pair of small antennae on your
                  | head. [demonic ancestry]
  1116 | D:2      | Reached XP level 3. HP: 24/24 MP: 4/6
  1603 | D:2      | Gained mutation: You have a pair of antennae on your head.
                  | [demonic ancestry]
  1603 | D:2      | Reached XP level 4. HP: 30/30 MP: 1/8
  1723 | D:2      | Found a faded altar of an unknown god.
  1754 | D:1      | Learned a level 4 spell: Fulminant Prism
  1759 | D:1      | Learned a level 4 spell: Iskenderun's Mystic Blast
  2161 | D:2      | Reached skill level 5 in Conjurations
  2619 | D:3      | Reached XP level 5. HP: 35/35 MP: 3/10
  3384 | D:4      | Noticed a black bear
  3405 | D:4      | Killed a black bear
  3406 | D:4      | Gained mutation: You are surrounded by a moderate repulsion
                  | field. (EV +3) [demonic ancestry]
  3406 | D:4      | Reached XP level 6. HP: 38/41 MP: 2/12
  3687 | D:4      | Reached skill level 6 in Conjurations
  3794 | D:4      | Noticed a water moccasin
  3839 | D:3      | Killed a water moccasin
  4129 | D:4      | Reached skill level 5 in Spellcasting
  4333 | D:4      | Learned a level 3 spell: Stone Arrow
  4542 | D:5      | Entered Level 5 of the Dungeon
  4548 | D:5      | Gained mutation: You have a pair of large antennae on your
                  | head. (SInv) [demonic ancestry]
  4548 | D:5      | Reached XP level 7. HP: 40/46 MP: 10/14
  4587 | D:5      | Noticed Sigmund
  4692 | D:5      | Killed Sigmund
  4693 | D:5      | Reached skill level 1 in Earth Magic
  4766 | D:5      | Reached skill level 7 in Conjurations
  5656 | D:6      | Found a staircase to the Ecumenical Temple.
  5664 | D:6      | Gained mutation: A weak demonic guardian rushes to your
                  | aid. [demonic ancestry]
  5664 | D:6      | Reached XP level 8. HP: 52/52 MP: 5/15
  5672 | D:6      | Quit the game

Illustrated notes

Levels and vault maps discovered:
D:1:      reono_arrival_mine, layout_rooms
D:2:      layout_basic, ebering_ecumenical_altar_webs, serial_undead,
          serial_undead_f, serial_undead_c, serial_undead_c, serial_undead_b
D:3:      layout_rooms, minmay_cupped
D:4:      layout_basic
D:5:      layout_loops_corners, lemuel_flame_loot_1, uniq_edmund, uniq_sigmund
D:6:      layout_loops_cross, minmay_temple_entry_mist, due_unseen_surprise

Skill      XL: |  1  2  3  4  5  6  7 |
---------------+----------------------+-----
Dodging        | 2 |  2.0
Stealth        | 2 |  2.0
Spellcasting   | 3 4 5 |  5.0
Conjurations   | 5 6 7 |  7.7
Earth Magic    | 3 |  3.4

Action                   |  1- 3 |  4- 6 |  7- 9 || total
-------------------------+-------+-------+-------++-------
Melee: Unarmed           |    14 |       |       ||    14
       Short sword       |    11 |    49 |     1 ||    61
 Cast: Magic Dart        |    65 |   122 |       ||   187
       Iskenderun's Myst |       |     2 |       ||     2
       Stone Arrow       |       |     2 |    26 ||    28
       Fulminant Prism   |       |     2 |       ||     2
  Use: Potion            |     1 |     4 |     1 ||     6
Armor: Robe              |     5 |    19 |       ||    24
Dodge: Dodged            |    21 |    72 |     4 ||    97
Block: Other             |       |    13 |     3 ||    16
